 Dungeon Crawl Stone Soup version 0.20.0-15-g7f486f2 (webtiles) character file.

37580 vishdafish the Basher (level 13, -5/73 HPs)
             Began as a Gargoyle Fighter on June 25, 2017.
             Was the Champion of Okawaru.
             Slain by an enormous slime creature (12 damage)
             ... on level 13 of the Dungeon.
             The game lasted 00:41:05 (16010 turns).

vishdafish the Basher (Gargoyle Fighter)           Turns: 16010, Time: 00:41:06

Health: -5/73      AC: 34    Str: 29    XL:     13   Next: 97%
Magic:  16/16      EV: 16    Int:  9    God:    Okawaru [******]
Gold:   421        SH: 20    Dex: 19    Spells: 12/12 levels left

rFire    + + .     SeeInvis .   m - +3 mace (protect)
rCold    + + .     Gourm    .   J - +2 shield {rC+ rF+}
rNeg     + . .     Faith    .   c - +1 ring mail of Crawling {rF+ Str+6 Stlth-}
rPois    ∞         Spirit   .   (no helmet)
rElec    +         Reflect  .   o - +2 cloak {rPois}
rCorr    .         Harm     .   s - +1 pair of gloves
MR       .....                  E - +0 pair of boots {run}
Stlth    +.........             (no amulet)
Regen    0.3/turn               w - +6 ring of dexterity
MPRegen  0.2/turn               O - +1 ring of slaying

@: protection aura, quick
A: large bone plates 1, thin skeletal structure 1, yellow scales 1, cold
resistance 1, frail 1, low mp 1, negative energy resistance 1, sense
surroundings 1, electricity resistance, unbreathing, petrification resistance,
rot immunity, AC +9
a: Heroism, Finesse, Renounce Religion


You were on level 13 of the Dungeon.
You worshipped Okawaru.
Okawaru was exalted by your worship.
You were not hungry.

You visited 2 branches of the dungeon, and saw 14 of its levels.
You also visited: Sewer, Ossuary and Ice Cave.

You collected 783 gold pieces.
You spent 362 gold pieces at shops.

Inventory:

Hand Weapons
 m - a +3 mace of protection (weapon)
Missiles
 t - 7 javelins of penetration (quivered)
Armour
 c - the +1 ring mail of Crawling (worn) {rF+ Str+6 Stlth-}
   (You found it on level 13 of the Dungeon)

   It affects your strength (+6).
   It protects you from fire.
   It makes you less stealthy.
 n - a +0 cloak
 o - a +2 cloak of poison resistance (worn)
 s - a +1 pair of gloves (worn)
 E - a +0 pair of boots of running (worn)
 J - a +2 shield of resistance (worn)
Jewellery
 w - a +6 ring of dexterity (left hand)
 O - a +1 ring of slaying (right hand)
Wands
 a - a wand of flame (23/48)
 F - a wand of random effects (23/48)
 G - a wand of lightning (5/15)
 M - a wand of iceblast (2/15)
 S - a wand of polymorph (8/24)
 T - a wand of clouds (5/9)
 U - a wand of polymorph (8/24)
 W - a wand of flame (17/48)
Scrolls
 b - 5 scrolls of blinking
 f - a scroll of acquirement {unknown}
 h - 4 scrolls of remove curse
 j - a scroll of magic mapping
 l - 8 scrolls of teleportation
 q - 3 scrolls of amnesia
 r - 2 scrolls of enchant armour {unknown}
 v - 5 scrolls of fear
 y - a scroll of recharging {unknown}
 C - 3 scrolls of fog
 I - a scroll of random uselessness {unknown}
 N - a scroll of immolation {unknown}
 R - a scroll of torment
 X - a scroll of silence {unknown}
 Y - 4 scrolls of identify
Potions
 e - 4 potions of mutation
 i - 2 potions of heal wounds
 k - 5 potions of lignification
 p - 6 potions of haste
 u - 10 potions of curing
 x - a potion of agility {unknown}
 z - a potion of degeneration
 A - a potion of berserk rage {unknown}
 B - 6 potions of brilliance
 K - a potion of resistance
 Q - 2 potions of magic {unknown}
 V - 3 potions of flight {unknown}
Books
 d - a book of Minor Magic

   Spells                             Type                      Level
   a - Magic Dart                     Conjuration                  1
   b - Blink                          Translocation                2
   c - Call Imp                       Summoning                    2
   d - Slow                           Hexes                        2
   e - Conjure Flame                  Conjuration/Fire             3
   f - Mephitic Cloud                 Conjuration/Poison/Air       3
 L - a book of Cantrips

   Spells                             Type                      Level
   a - Confusing Touch                Hexes                        1
   b - Animate Skeleton               Necromancy                   1
   c - Summon Small Mammal            Summoning                    1
   d - Apportation                    Translocation                1
 Z - a book of Air

   Spells                             Type                      Level
   a - Shock                          Conjuration/Air              1
   b - Swiftness                      Charms/Air                   2
   c - Static Discharge               Conjuration/Air              3
   d - Airstrike                      Air                          4
   e - Lightning Bolt                 Conjuration/Air              5
Miscellaneous
 g - a fan of gales
Comestibles
 D - 2 bread rations
 H - 12 fruits
 P - 3 royal jellies


   Skills:
 + Level 10.0 Fighting
 + Level 12.5 Maces & Flails
 * Level 11.5 Armour
 + Level 7.0 Dodging
 + Level 2.6 Stealth
 + Level 12.4 Shields
 * Level 7.2 Invocations
 + Level 0.3 Evocations


You had 12 spell levels left.
You didn't know any spells.

Dungeon Overview and Level Annotations

Branches:
Dungeon (13/15)            Temple (1/1) D:4            Lair (0/6) D:10
    Orc (0/2) D:10         Vaults (0/5) D:13

Altars:
Ashenzari
Cheibriados
Dithmenos
Elyvilon
Fedhas
Gozag
Hepliaklqana
Kikubaaqudgha
Makhleb
Nemelex Xobeh
Okawaru
Qazlal
Ru
Sif Muna
Trog
Uskayaw
Vehumet
Xom
Yredelemnul
Zin
The Shining One

Shops:
D:4 }   D:5 !   D:7 (*   D:9 }   D:10 [   D:11 ?[(*


Innate Abilities, Weirdness & Mutations

You are resistant to torment.
Your stone body is resilient. (AC +9)
You are immune to poison.
You resist negative energy. (rN+)
You are resistant to electric shocks. (rElec)
You can survive without breathing.
You are immune to petrification.
You are immune to rotting.
You are partially covered in large bone plates. (SH +4)
You have a somewhat thin skeletal structure. (Dex +2, Stealth)
You are partially covered in yellow scales. (AC +2)
Your flesh is cold resistant. (rC+)
You are frail. (-10% HP)
Your magical capacity is low. (-10% MP)
You passively map a small area around you.


Message History

The enormous slime creature is heavily wounded.
You block the enormous slime creature's attack.
You sock the enormous slime creature!
The enormous slime creature is heavily wounded.
You block the enormous slime creature's attack.
You barely miss the enormous slime creature.
The enormous slime creature is heavily wounded.
You hit the enormous slime creature.
The enormous slime creature is heavily wounded.
You block the enormous slime creature's attack.
You sock the enormous slime creature!
The enormous slime creature is heavily wounded.
The enormous slime creature hits you!!!
Ouch! That really hurt!
* * * LOW HITPOINT WARNING * * *
You hear an angry hiss.
You hit the enormous slime creature.
The enormous slime creature is heavily wounded.
The enormous slime creature hits you!
You die...

#.......#
#......'.
#..?....#
#......#.
#.......#
#[.....#.
#.....[.#
#.[....#(
#.......#
#......##
#.......#
#####'##
#.......#
###..# *
#J#
#...##
#@# #.###
#.#
##'#####
##.#
#......#
#..#
#......#
##.##
#......#
#..#
#..<.<.##
#.##
#......##
#.#
#......##
#.#
#......'.


You could see an enormous slime creature.

Vanquished Creatures
  Nessos (D:12)
  4 vault guards (D:13)
  A centaur warrior (D:13)
  2 hydras
  7 two-headed ogres
  The ghost of systemy the Cleaver, a novice MiBe of Trog (D:7)
  Nergalle (D:11)
  A wizard (D:13)
  The ghost of Adolfin the Chopper, a novice DgFi (D:8)
  7 ugly things
  2 manticores
  A cyclops (D:13)
  2 ice statues (IceCv)
  A gargoyle (D:11)
  The ghost of equalderp2856 the Covert, a novice FeFi (IceCv)
  2 kobold demonologists (D:13)
  2 trolls
  The ghost of Inarius the Digger, a novice GrEE of Hepliaklqana (D:5)
  A merfolk (D:9)
  A hippogriff (D:12)
  2 slime creatures (D:13)
  Sigmund (D:5)
  A spriggan (D:10)
  2 wraiths
  A wyvern (D:13)
  28 yaks
  Eustachio (D:6)
  A basilisk (D:13)
  3 hungry ghosts
  Grum (D:9)
  2 vampire mosquitoes (D:12)
  2 water moccasins
  2 acid dragons
  2 porcupines (D:10)
  4 orc warriors
  A black bear (D:9)
  2 necrophages
  20 ice beasts
  4 phantoms
  2 sky beasts
  3 wolves (D:9)
  5 ogres
  8 centaurs
  9 bullfrogs
  3 scorpions
  A wyvern skeleton (D:9)
  2 troll zombies (D:10)
  13 wights
  11 howler monkeys
  8 crimson imps
  6 orc priests
  3 bullfrog zombies
  4 centaur zombies (Ossuary)
  2 quasits
  2 jellies
  11 hounds
  Crazy Yiuf (D:2)
  3 bullfrog skeletons
  2 centaur skeletons (D:10)
  13 orc wizards
  4 iguanas
  3 worker ants
  3 hell rats (D:8)
  A killer bee zombie (D:7)
  5 big kobold zombies (Ossuary)
  6 ogre zombies (D:10)
  A hound zombie (D:7)
  6 mummies (Ossuary)
  A howler monkey zombie (D:6)
  4 gnolls (D:7)
  17 adders
  7 river rats (D:8)
  A shadow imp (D:8)
  An adder zombie (D:7)
  3 worms
  3 dart slugs
  7 leopard geckos
  48 orcs
  9 bats
  6 giant cockroaches
  5 goblins
  5 hobgoblins
  15 jackals
  5 quokkas
  4 ball pythons
  13 frilled lizards
  A goblin skeleton (D:10)
  A goblin zombie (D:10)
  A hobgoblin skeleton (D:10)
  4 hobgoblin zombies
  A jackal zombie (D:5)
  12 kobolds
  An orc skeleton (D:10)
  17 orc zombies (D:10)
  2 quokka skeletons (D:7)
  A quokka zombie (D:8)
  28 rats
484 creatures vanquished.

Vanquished Creatures (others)
  A hobgoblin zombie (D:10)
  2 fungi (D:10)
  2 plants (Sewer)
5 creatures vanquished.

Grand Total: 489 creatures vanquished

Notes
Turn   | Place    | Note
-------+----------+-------------------------------------------
     0 | D:1      | vishdafish the Gargoyle Fighter began the quest for the Orb.
     0 | D:1      | Reached XP level 1. HP: 14/14 MP: 1/1
   146 | D:1      | Reached XP level 2. HP: 19/19 MP: 2/2
   448 | D:1      | Reached XP level 3. HP: 23/23 MP: 3/3
  1046 | D:2      | Reached XP level 4. HP: 16/29 MP: 4/4
  1185 | D:2      | Found a faded altar of an unknown god.
  1256 | D:2      | Found a runed door.
  1266 | D:2      | Noticed Crazy Yiuf
  1272 | D:2      | Killed Crazy Yiuf
  1533 | D:3      | Found a white marble altar of Elyvilon.
  1926 | D:3      | Reached XP level 5. HP: 7/33 MP: 5/5
  2420 | D:4      | Noticed a phantom
  2435 | D:4      | Killed a phantom
  2435 | D:4      | Reached XP level 6. HP: 39/39 MP: 6/6
  2924 | D:4      | Found a radiant altar of Vehumet.
  3053 | D:4      | Found a staircase to the Ecumenical Temple.
  3123 | D:4      | Found Soocohik's Gadget Boutique.
  3188 | Temple   | Entered the Ecumenical Temple
  3195 | Temple   | Became a worshipper of Warmaster Okawaru
  3467 | D:5      | Entered Level 5 of the Dungeon
  3526 | D:5      | Reached skill level 1 in Dodging
  3548 | D:5      | Reached XP level 7. HP: 39/44 MP: 7/7
  3598 | D:5      | Reached skill level 5 in Maces & Flails
  3631 | D:5      | Reached * piety under Okawaru
  3652 | D:5      | Reached skill level 5 in Shields
  3924 | D:5      | Found Ywicw's Distillery.
  3929 | D:5      | Bought a potion of heal wounds for 65 gold pieces
  3929 | D:5      | Bought a potion of heal wounds for 65 gold pieces
  4166 | D:5      | Reached XP level 8. HP: 40/48 MP: 8/8
  4177 | D:5      | Reached skill level 5 in Armour
  4496 | D:5      | Found a basalt altar of Yredelemnul.
  4496 | D:5      | Noticed Sigmund
  4504 | D:5      | Killed Sigmund
  4504 | D:5      | Reached skill level 5 in Fighting
  4505 | D:5      | Noticed Inarius's ghost (novice GrEE)
  4515 | D:5      | Killed Inarius's ghost
  4515 | D:5      | Reached ** piety under Okawaru
  4524 | D:5      | Found a hazy altar of Hepliaklqana.
  4525 | D:5      | Found a sparkling altar of Nemelex Xobeh.
  4526 | D:5      | Found a shadowy altar of Dithmenos.
  4528 | D:5      | Found a shattered altar of Ashenzari.
  4528 | D:5      | Found a bloodstained altar of Trog.
  4528 | D:5      | Found a hide-covered altar of Uskayaw.
  4529 | D:5      | Found a sacrificial altar of Ru.
  5284 | D:6      | Reached XP level 9. HP: 54/54 MP: 9/9
  5492 | D:6      | Found a glowing drain.
  5496 | Sewer    | Entered a sewer
  6212 | D:6      | Noticed Eustachio
  6225 | D:6      | Killed Eustachio
  6496 | D:7      | Found Tusais's General Store.
  6511 | D:7      | Reached *** piety under Okawaru
  6511 | D:7      | Reached skill level 1 in Stealth
  6692 | D:7      | Found Foiniunt's Weapon Boutique.
  7175 | D:7      | Noticed systemy's ghost (novice MiBe)
  7210 | D:7      | Killed systemy's ghost
  7210 | D:7      | Reached **** piety under Okawaru
  7226 | D:7      | Reached skill level 5 in Dodging
  7226 | D:7      | Reached XP level 10. HP: 35/64 MP: 10/10
  7394 | D:8      | Reached skill level 10 in Maces & Flails
  7425 | D:8      | Noticed a white ugly thing
  7428 | D:8      | Reached XP level 11. HP: 68/68 MP: 11/11
  7457 | D:8      | Killed a white ugly thing
  7457 | D:8      | Received a gift from Okawaru
  7571 | D:8      | Noticed Adolfin's ghost (novice DgFi)
  7603 | D:8      | Killed Adolfin's ghost
  7732 | D:8      | Found a sand-covered staircase.
  7737 | Ossuary  | Entered an ossuary
  8641 | D:8      | Noticed a two-headed ogre
  8663 | D:8      | Killed a two-headed ogre
  8663 | D:8      | Reached ***** piety under Okawaru
  9098 | D:9      | Noticed Grum
  9123 | D:9      | Killed Grum
  9143 | D:9      | Reached skill level 1 in Invocations
  9177 | D:9      | Noticed a two-headed ogre
  9197 | D:9      | Killed a two-headed ogre
  9408 | D:9      | Got a warped rapier
  9409 | D:9      | Identified the +1 rapier of the Brain {pain, rC- Dex+6} (You found it on level 9 of the Dungeon)
  9484 | D:9      | Found Muluy's Gadget Shop.
 10031 | D:10     | Entered Level 10 of the Dungeon
 10283 | D:9      | Reached skill level 10 in Shields
 10339 | D:10     | Gained mutation: Scrolls take you a little longer to read. [potion of mutation]
 10339 | D:10     | Gained mutation: You have large cloven feet. [potion of mutation]
 10339 | D:10     | Gained mutation: You can translocate small distances at will. [potion of mutation]
 10340 | D:10     | Lost mutation: Scrolls take you a little longer to read. [potion of mutation]
 10340 | D:10     | Lost mutation: You can translocate small distances at will. [potion of mutation]
 10340 | D:10     | Lost mutation: You have large cloven feet. [potion of mutation]
 10340 | D:10     | Gained mutation: You have a somewhat thin skeletal structure. (Dex +2, Stealth) [potion of mutation]
 10340 | D:10     | Gained mutation: You are partially covered in large bone plates. (SH +4) [potion of mutation]
 10341 | D:10     | Gained mutation: Your flesh is cold resistant. (rC+) [mutagenic meat]
 10342 | D:10     | Gained mutation: You passively map a small area around you. [mutagenic meat]
 10343 | D:10     | Gained mutation: Your magical capacity is low. (-10% MP) [mutagenic meat]
 10344 | D:10     | Gained mutation: You are frail. (-10% HP) [mutagenic meat]
 10346 | D:10     | Gained mutation: You are partially covered in yellow scales. (AC +2) [mutagenic meat]
 10426 | D:10     | Found Jemanumn's Armour Shop.
 10507 | D:10     | Reached XP level 12. HP: 55/67 MP: 12/12
 11037 | D:10     | Found a staircase to the Orcish Mines.
 11424 | D:10     | Found a hide-covered altar of Uskayaw.
 11492 | D:10     | Reached skill level 10 in Armour
 11718 | D:10     | Found a staircase to the Lair.
 12171 | D:11     | Reached ****** piety under Okawaru
 12186 | D:11     | Noticed Nergalle
 12216 | D:11     | Killed Nergalle
 12248 | D:11     | Noticed a two-headed ogre
 12248 | D:11     | Noticed a two-headed ogre
 12276 | D:11     | Received a gift from Okawaru
 12284 | D:11     | Killed a two-headed ogre
 12299 | D:11     | Killed a two-headed ogre
 12346 | D:11     | Found Goomimnu's Antique Armour Boutique.
 12375 | D:11     | Noticed an eight-headed hydra
 12388 | D:11     | Killed an eight-headed hydra
 12593 | D:11     | Found Furixzin's Assorted Antiques.
 12599 | D:11     | Bought a warped pewter amulet for 150 gold pieces
 12599 | D:11     | Identified the amulet "Kiesch" {Inacc *Corrode Dex+2 Stlth+} (You bought it in a shop on level 11 of the Dungeon)
 12844 | D:11     | Found Tiommef's Magic Scroll Shop.
 12853 | D:11     | Bought a scroll of identify for 22 gold pieces
 12853 | D:11     | Bought a scroll of identify for 22 gold pieces
 12853 | D:11     | Bought a scroll of fear for 38 gold pieces
 12857 | D:11     | Noticed a two-headed ogre
 12872 | D:11     | Killed a two-headed ogre
 12872 | D:11     | Reached skill level 5 in Invocations
 13055 | D:11     | Found Qaituak's Weapon Shop.
 13267 | D:12     | Reached XP level 13. HP: 65/72 MP: 15/15
 13558 | D:12     | Noticed Nessos
 13607 | D:12     | Killed Nessos
 14564 | D:13     | Got a slimy ring mail
 14575 | D:13     | Identified the cursed +1 ring mail of Crawling {rF+ Str+6 Stlth-} (You found it on level 13 of the Dungeon)
 14631 | D:13     | Noticed a vault guard
 14658 | D:13     | Killed a vault guard
 14658 | D:13     | Received a gift from Okawaru
 14665 | D:13     | Noticed a vault guard
 14669 | D:13     | Noticed a vault guard
 14680 | D:13     | Noticed a vault guard
 14686 | D:13     | Killed a vault guard
 14726 | D:13     | Killed a vault guard
 14736 | D:13     | Killed a vault guard
 14780 | D:13     | Identified a +0 pair of boots of running (Okawaru gifted it to you on level 13 of the Dungeon)
 14863 | D:13     | Found a gate to the Vaults.
 15201 | D:13     | Found a frozen archway.
 15212 | IceCv    | Entered an ice cave
 15215 | IceCv    | Found a transporter.
 15237 | IceCv    | Reached skill level 10 in Fighting
 15434 | IceCv    | Got a shimmering ring mail
 15445 | IceCv    | Identified the cursed +0 ring mail of Weightlessness {rElec rC+ Int-3} (You found it in an ice cave)
 15495 | IceCv    | Noticed equalderp2856's ghost (novice FeFi)
 15512 | IceCv    | Killed equalderp2856's ghost
 15922 | D:13     | Received a gift from Okawaru
 16010 | D:13     | Slain by an enormous slime creature

Skill      XL: |  1  2  3  4  5  6  7  8  9 10 11 12 13 |
---------------+----------------------------------------+-----
Maces & Flails | 3 4 5 7 9 10 11 12 | 12.5
Fighting       | 4 5 7 8 9 10 | 10.0
Armour         | 4 5 9 10 11 | 11.5
Shields        | 4 5 6 8 10 11 12 | 12.4
Dodging        | 1 2 5 6 7 |  7.0
Stealth        | 1 2 |  2.6
Invocations    | 2 5 7 |  7.2
Evocations     | |  0.3

Action                   |  1- 3 |  4- 6 |  7- 9 | 10-12 | 13-15 || total
-------------------------+-------+-------+-------+-------+-------++-------
Melee: Flail             |   121 |    24 |       |       |       ||   145
       Mace              |       |   197 |   469 |  1279 |   623 ||  2568
Invok: Heroism           |       |       |       |     1 |       ||     1
Evoke: Wand              |       |       |       |     1 |     2 ||     3
  Use: Potion            |       |     1 |     2 |     5 |     4 ||    12
       Scroll            |       |       |    10 |     6 |     3 ||    19
 Stab: Sleeping          |       |       |       |     4 |     1 ||     5
       Distracted        |       |       |       |     1 |       ||     1
  Eat: Bread ration      |       |     1 |     1 |     1 |     2 ||     5
       Chunk             |       |     1 |       |    11 |       ||    12
       Meat ration       |       |     1 |     2 |     3 |       ||     6
       Royal jelly       |       |     1 |       |     1 |       ||     2
Armor: Scale mail        |    52 |   170 |    62 |       |       ||   284
       Ring mail         |       |       |   157 |   370 |   168 ||   695
Dodge: Dodged            |    34 |    82 |   169 |   470 |   245 ||  1000
Block: Shield            |    83 |   140 |   259 |   924 |   596 ||  2002
